 Dungeon Crawl Stone Soup version 0.26.1-11-gd32895ea62 (webtiles) character file.

Game seed: 1222290352511461496

589 jlumianski the Grasshopper (level 7, 0/56 HPs)
             Began as a Gnoll Warper on July 2, 2021.
             Slain by Menkaure (17 damage)
             ... on level 4 of the Dungeon.
             The game lasted 00:18:03 (4037 turns).

jlumianski the Grasshopper (Gnoll Warper)           Turns: 4037, Time: 00:18:03

Health: 0/56       AC: 11    Str: 18    XL:     7   Next: 38%
Magic:  13/15      EV: 19    Int: 17    God:
Gold:   159        SH:  0    Dex: 23    Spells: 12/17 levels left

rFire    . . .     SeeInvis .   a - +0 hand axe
rCold    . . .     Faith    .   (no shield)
rNeg     . . .     Spirit   .   o - +0 ring mail
rPois    .         Reflect  .   q - +2 helmet of Kikubaaqudgha's Hatred {Str+5 Dex+2}
rElec    .         Harm     .   (no cloak)
rCorr    .         Rampage  .   (no gloves)
Will     .....                  m - +1 pair of boots
Stlth    ++........             (no amulet)
HPRegen  0.18/turn              j - +6 ring of dexterity
MPRegen  0.14/turn              D - +4 ring of evasion

@: no status effects
A: distributed training, fangs 1, strong nose
a: no special abilities


You were on level 4 of the Dungeon.
You visited 1 branch of the dungeon, and saw 4 of its levels.

You collected 159 gold pieces.

Inventory:

Hand Weapons
 a - a +0 hand axe (weapon)
 k - a +0 short sword of speed
 C - a +1 dagger of chaos
Missiles
 c - 84 stones (quivered)
 e - 5 boomerangs of dispersal
 n - 34 sling bullets
 x - 102 arrows
 B - 2 boomerangs
Armour
 b - a +0 leather armour
 m - a +1 pair of boots (worn)
 o - a +0 ring mail (worn)
 q - the +2 helmet of Kikubaaqudgha's Hatred (worn) {Str+5 Dex+2}
   (You took it off Robin on level 2 of the Dungeon)

   It affects your strength (+5).
   It affects your dexterity (+2).
Jewellery
 j - a +6 ring of dexterity (left hand)
 D - a +4 ring of evasion (right hand)
Wands
 v - a wand of iceblast (10)
Scrolls
 d - 3 scrolls of blinking
 f - a scroll of immolation {unknown}
 g - 2 scrolls of enchant weapon {unknown}
 i - 7 scrolls of identify
 l - 2 scrolls of fog {unknown}
 p - 2 scrolls of teleportation {unknown}
 t - a scroll of fear {unknown}
 u - 5 scrolls of remove curse
 y - a scroll of noise {unknown}
Potions
 h - a potion of curing
 r - a potion of berserk rage {unknown}
 s - a potion of heal wounds {unknown}
 w - a potion of attraction
 z - a potion of ambrosia {unknown}
 A - a potion of cancellation {unknown}
 E - a potion of lignification {unknown}


   Skills:
 + Level 5.2 Fighting
 + Level 2.4 Short Blades
 + Level 2.4 Long Blades
 + Level 5.2 Axes
 + Level 2.4 Maces & Flails
 + Level 2.4 Polearms
 + Level 2.4 Staves
 + Level 2.4 Slings
 + Level 2.4 Bows
 + Level 2.4 Crossbows
 + Level 3.6 Throwing
 + Level 3.6 Armour
 + Level 5.2 Dodging
 + Level 2.4 Stealth
 + Level 2.4 Shields
 + Level 2.4 Unarmed Combat
 + Level 5.6 Spellcasting
 + Level 2.0 Conjurations
 + Level 2.0 Hexes
 + Level 2.0 Summonings
 + Level 2.0 Necromancy
 + Level 5.8 Translocations
 + Level 2.0 Transmutations
 + Level 2.0 Fire Magic
 + Level 2.0 Ice Magic
 + Level 2.0 Air Magic
 + Level 2.0 Earth Magic
 + Level 2.0 Poison Magic
 + Level 2.7 Invocations
 + Level 2.4 Evocations


You had 12 spell levels left.
You knew the following spells:

 Your Spells              Type           Power        Failure   Level
a - Blink                 Tloc           N/A          3%          2
b - Gell's Gravitas       Tloc           12%          6%          3

Your spell library contained the following spells:

 Spells                   Type           Power        Failure   Level
 Lesser Beckoning         Tloc           12%          6%          3
 Teleport Other           Tloc           24%          6%          3
 Magic Dart               Conj           44%          10%         1
 Searing Ray              Conj           22%          16%         2
 Passage of Golubria      Tloc           N/A          21%         4
 Dazzling Flash           Conj/Hex       22%          30%         3
 Iskenderun's Mystic Bla  Conj/Tloc      18%          41%         4
 Fulminant Prism          Conj/Hex       5%           69%         4


Dungeon Overview and Level Annotations

Branches:
Dungeon (4/15)
 Temple: D:4-7

Altars:
Gozag
Makhleb
Xom

Shops:
D:2 *

Annotations:
D:4 Menkaure


Innate Abilities, Weirdness & Mutations

Your experience applies equally to all skills.
You have very sharp teeth.
Your uncanny sense of smell can sniff out nearby items.


Message History

You throw a stone.
The stone hits Menkaure but does no damage.
Menkaure is lightly damaged.
You hit Menkaure but do no damage. You bite Menkaure, but do no damage.
Menkaure is lightly damaged.
Menkaure hits you!
* * * LOW HITPOINT WARNING * * *
You hit Menkaure.
Menkaure is lightly damaged.
Menkaure calls on the powers of darkness!
Your body is wracked with pain!
* * * LOW HITPOINT WARNING * * *
Casting: Gell's Gravitas (dangerous; 6% risk of failure)
Confirm with . or Enter, or press ? or * to list all spells.
You blink.
You feel better. Menkaure barely misses you.
You barely miss Menkaure. You bite Menkaure, but do no damage.
Menkaure is lightly damaged.
Menkaure hits you!
You die...

. ∆ ^.. ###. ..
...## ##.... #..
#...#####...... #..
.###.(.............
#..
.......@..........
#..
###...(M.........
#.. #..#..........
#.. ## ##..####.!
#.. ##....#.#
###... ####.#.##
#..... #....##
..##.. #..<..#
#.....
.###....###.....


You could see Menkaure (fast).

Vanquished Creatures
  Sigmund (D:4)
  Blork the orc (D:4)
  4 crimson imps
  A bullfrog skeleton (D:4)
  Robin (D:2)
  4 adders
  4 gnolls (D:3)
  A howler monkey skeleton (D:4)
  2 worms (D:2)
  4 dart slugs
  4 leopard geckos
  2 orcs (D:3)
  A ball python (D:1)
  5 giant cockroaches
  16 goblins
  11 hobgoblins
  2 jackals (D:2)
  10 kobolds
  4 bats
  4 frilled lizards
  6 rats
88 creatures vanquished.

Notes
Turn   | Place    | Note
-------+----------+-------------------------------------------
     0 | D:1      | jlumianski the Gnoll Warper began the quest for the Orb.
     0 | D:1      | Reached XP level 1. HP: 20/20 MP: 6/6
   239 | D:1      | Reached XP level 2. HP: 13/26 MP: 7/7
   242 | D:1      | Learned a level 2 spell: Blink
   836 | D:2      | Reached skill level 5 in Spellcasting
   836 | D:2      | Reached XP level 3. HP: 25/31 MP: 7/9
   845 | D:1      | Learned a level 3 spell: Gell's Gravitas
  1001 | D:2      | Found a burning altar of Makhleb.
  1001 | D:2      | Noticed a balrug
  1003 | D:2      | Reached skill level 1 in Invocations
  1166 | D:2      | Reached skill level 1 in Short Blades
  1166 | D:2      | Reached skill level 1 in Long Blades
  1166 | D:2      | Reached skill level 1 in Maces & Flails
  1166 | D:2      | Reached skill level 1 in Polearms
  1166 | D:2      | Reached skill level 1 in Staves
  1166 | D:2      | Reached skill level 1 in Slings
  1166 | D:2      | Reached skill level 1 in Bows
  1166 | D:2      | Reached skill level 1 in Crossbows
  1166 | D:2      | Reached skill level 1 in Stealth
  1166 | D:2      | Reached skill level 1 in Shields
  1166 | D:2      | Reached skill level 1 in Unarmed Combat
  1166 | D:2      | Reached skill level 1 in Evocations
  1220 | D:2      | Identified the +2 helmet of Kikubaaqudgha's Hatred {Str+5
                  | Dex+2}
  1220 | D:2      | Noticed Robin
  1224 | D:2      | Reached XP level 4. HP: 34/38 MP: 3/11
  1238 | D:2      | Killed Robin
  1533 | D:2      | Reached skill level 1 in Conjurations
  1533 | D:2      | Reached skill level 1 in Hexes
  1533 | D:2      | Reached skill level 1 in Summonings
  1533 | D:2      | Reached skill level 1 in Necromancy
  1533 | D:2      | Reached skill level 1 in Transmutations
  1533 | D:2      | Reached skill level 1 in Fire Magic
  1533 | D:2      | Reached skill level 1 in Ice Magic
  1533 | D:2      | Reached skill level 1 in Air Magic
  1533 | D:2      | Reached skill level 1 in Earth Magic
  1533 | D:2      | Reached skill level 1 in Poison Magic
  1540 | D:2      | Found an opulent altar of Gozag.
  1550 | D:2      | Found Gozag's Platinum Reserve.
  2146 | D:3      | Reached XP level 5. HP: 43/43 MP: 12/12
  2646 | D:3      | Found a shimmering altar of Xom.
  3252 | D:2      | Reached XP level 6. HP: 50/50 MP: 13/13
  3481 | D:3      | Reached skill level 5 in Fighting
  3481 | D:3      | Reached skill level 5 in Axes
  3481 | D:3      | Reached skill level 5 in Dodging
  3698 | D:4      | Noticed Blork the orc
  3708 | D:4      | Killed Blork the orc
  3841 | D:4      | Noticed Sigmund
  3865 | D:4      | Killed Sigmund
  3866 | D:4      | Reached XP level 7. HP: 40/56 MP: 15/15
  4026 | D:4      | Noticed Menkaure
  4037 | D:4      | Slain by Menkaure

Illustrated notes

Levels and vault maps discovered:
D:1:      amcnicky_arrival_flooded_fountain, layout_rooms,
          chequers_serial_rivers_micro_d
D:2:      layout_basic, makhleb_altar_promises_db,
          nicolae_gozag_zags_fifth_avenue, uniq_robin
D:3:      layout_basic, led_xom_imps
D:4:      layout_rooms, minmay_door_square, kennysheep_small_spiral,
          grunt_ministairs_11, uniq_sigmund, uniq_menkaure, uniq_blork_the_orc

Skill      XL: |  1  2  3  4  5  6 |
---------------+-------------------+-----
Spellcasting   | 5 |  5.6
Invocations    | 1 2 |  2.7
Short Blades   | 1 2 |  2.4
Long Blades    | 1 2 |  2.4
Maces & Flails | 1 2 |  2.4
Polearms       | 1 2 |  2.4
Staves         | 1 2 |  2.4
Slings         | 1 2 |  2.4
Bows           | 1 2 |  2.4
Crossbows      | 1 2 |  2.4
Stealth        | 1 2 |  2.4
Shields        | 1 2 |  2.4
Unarmed Combat | 1 2 |  2.4
Evocations     | 1 2 |  2.4
Conjurations   | 1 2 |  2.0
Hexes          | 1 2 |  2.0
Summonings     | 1 2 |  2.0
Necromancy     | 1 2 |  2.0
Transmutations | 1 2 |  2.0
Fire Magic     | 1 2 |  2.0
Ice Magic      | 1 2 |  2.0
Air Magic      | 1 2 |  2.0
Earth Magic    | 1 2 |  2.0
Poison Magic   | 1 2 |  2.0
Throwing       | 3 |  3.6
Armour         | 3 |  3.6
Fighting       | 5 |  5.2
Axes           | 5 |  5.2
Dodging        | 5 |  5.2
Translocations | |  5.8

Action                   |  1- 3 |  4- 6 |  7- 9 || total
-------------------------+-------+-------+-------++-------
Melee: Hand axe          |   101 |   233 |     3 ||   337
       Bite              |     8 |    38 |     2 ||    48
       Punch             |       |     4 |       ||     4
       Unarmed           |       |     7 |       ||     7
Throw: Stone             |    16 |    43 |     3 ||    62
 Cast: Gell's Gravitas   |     2 |    10 |       ||    12
       Blink             |       |       |     1 ||     1
Evoke: Wand              |       |     5 |       ||     5
  Use: Potion            |     1 |     2 |     1 ||     4
       Scroll            |       |     2 |       ||     2
 Stab: Sleeping          |     2 |       |       ||     2
Armor: Leather armour    |    23 |       |       ||    23
       Ring mail         |     2 |    87 |       ||    89
       Skin              |       |     2 |       ||     2
Dodge: Dodged            |    95 |   193 |     1 ||   289
